 Dungeon Crawl Stone Soup version 0.28.0-53-g5a82cb258f (webtiles) character file.

Game seed: 1911590787439822244

1408 jjjjhere the Grappler (level 8, -7/68 HPs)
             Began as a Ghoul Enchanter on Sept 1, 2022.
             Was a High Priest of Jiyva.
             Mangled by a gargoyle
             ... wielding a +0 flail
              (18 damage)
             ... on level 7 of the Dungeon.
             The game lasted 00:06:08 (4323 turns).

jjjjhere the Grappler (Ghoul Enchanter)             Turns: 4323, Time: 00:06:09

Health: -7/68      AC: 10    Str: 14    XL:     8   Next: 70%
Magic:  8/9        EV:  6    Int: 10    God:    Jiyva [*****.]
Gold:   112        SH:  0    Dex:  9    Spells: 10/10 levels left

rFire   + . .      SeeInvis .     - Unarmed
rCold   + . .      Faith    .   (no shield)
rNeg    + + +      Spirit   .   h - +0 chain mail {rF+}
rPois   ∞          Reflect  .   d - +1 helmet
rElec   .          Harm     .   (no cloak)
rCorr   +          Rampage  .   (no gloves)
Will    .....                   (no boots)
Stlth   ..........              (no amulet)
HPRegen 1.44/turn               (no ring)
MPRegen 0.56/turn               (no ring)

@: calling ooze, inhibited regen
A: claws 1, cold resistance 1, negative energy resistance 3, inhibited
regeneration, torment resistance 2
a: Renounce Religion, Oozemancy, Slimify


You were on level 7 of the Dungeon.
You worshipped Jiyva.
Jiyva was extremely pleased with you.
You visited 1 branch of the dungeon, and saw 7 of its levels.

You collected 138 gold pieces.
You spent 26 gold pieces at shops.

Inventory:

Hand Weapons
 a - a +1 dagger
Missiles
 i - 6 boomerangs (quivered)
Armour
 b - a +0 robe
 d - a +1 helmet (worn)
 h - a +0 chain mail of fire resistance (worn)
Scrolls
 e - a scroll of fog {unknown}
 f - 3 scrolls of vulnerability {unknown}
 m - a scroll of magic mapping {unknown}
Potions
 c - 3 potions of invisibility
 g - a potion of attraction
 j - 2 potions of lignification {unknown}
 k - a potion of berserk rage {unknown}
 l - a potion of ambrosia {unknown}


   Skills:
 + Level 5.1 Fighting
 - Level 0.8 Short Blades
 - Level 1.7 Dodging
 - Level 3.2 Stealth
 * Level 10.0 Unarmed Combat
 - Level 1.7 Spellcasting
 - Level 2.4 Hexes


You had 10 spell levels left.
You didn't know any spells.
Your spell library contained the following spells:

 Spells                   Type           Power      Damage    Failure   Level
 Ensorcelled Hibernation  Hex/Ice        6%         N/A       100%        2
 Confusing Touch          Hex            5%         N/A       100%        3
 Dazzling Flash           Conj/Hex       6%         N/A       100%        3
 Tukima's Dance           Hex            5%         N/A       100%        3


Dungeon Overview and Level Annotations

Branches:
Dungeon (7/15)
 Temple: D:4-7

Altars:
Cheibriados
Kikubaaqudgha
Nemelex Xobeh
Qazlal
Jiyva

Shops:
D:3 *


Innate Abilities, Weirdness & Mutations

You thrive by killing the living.
You are immune to poison.
You have sharp fingernails.
Your flesh is cold resistant. (rC+)
You are immune to negative energy. (rN+++)
You do not regenerate when monsters are visible.
You are immune to unholy pain and torment.


Message History

You see here a +1 pair of gloves.
You hear a distant slurping noise.
You hear a distant slurping noise.
You hear a squelching noise.
You hear a distant slurping noise.
Key pressed, stopping explore.
You hear a distant slurping noise.
You see here a +1 pair of gloves.
You hear a distant slurping noise.
You hear a slurping noise.
You hear a distant slurping noise.
You hear a distant slurping noise.
You hear a squelching noise.
You hear a distant slurping noise.
You hear a distant slurping noise.
You hear a distant slurping noise.
You hear a distant slurping noise.
A gargoyle comes into view. It is wielding a +0 flail.
The gargoyle hurls a stone arrow at you.
The stone arrow hits you!
You scratch the gargoyle but do no damage.
The gargoyle hurls a stone arrow at you.
The stone arrow hits you!
You scratch the gargoyle but do no damage.
Activating: Oozemancy (1% risk of failure)
Press: ? - help, Dir - look around, f - activate Slime begins to ooze from the nearby walls!
The walls burn the gargoyle!
The gargoyle hits you with a +0 flail!
You scratch the gargoyle but do no damage.
The gargoyle is lightly damaged.
The walls burn the gargoyle!
The gargoyle hits you with a +0 flail!
You scratch the gargoyle but do no damage.
The gargoyle is heavily damaged.
The walls burn the gargoyle!
The gargoyle hurls a stone arrow at you.
The stone arrow hits you!!
* * * LOW HITPOINT WARNING * * *
You shudder from the blast and a jelly pops out!
You barely miss the gargoyle.
The gargoyle is severely damaged.
The walls burn the gargoyle!
The gargoyle hits you with a +0 flail!!
You die...

#....# #. #.#### #. #.####
#. #....#############.
...#######................
..........................
.#.#######...#############
####...# #.9@...#
#.....J...# #..#'######
#.... ... #... #.. #..
#### ....


You could see a gargoyle (ally target) and a friendly rockslime (summoned).

Vanquished Creatures
  2 steam dragons (D:7)
  A hornet zombie (D:7)
  An ice beast (D:3)
  A black bear (D:5)
  A centaur (D:3)
  An ogre (D:6)
  A scorpion (D:5)
  A wyvern skeleton (D:5)
  2 water moccasin skeletons
  A howler monkey (D:4)
  A centaur zombie (D:5)
  2 orc priests (D:4)
  4 hounds
  2 iguanas (D:6)
  A bullfrog skeleton (D:5)
  An orc wizard (D:4)
  A killer bee zombie (D:6)
  A hound skeleton (D:4)
  An adder (D:4)
  5 gnolls
  2 ufetubi
  2 worms
  2 dart slugs
  15 orcs
  4 bats
  2 giant cockroaches
  7 goblins
  7 hobgoblins
  6 jackals
  3 kobolds
  2 quokkas
  6 ball pythons
  2 frilled lizards
  5 rats
96 creatures vanquished.

Vanquished Creatures (collateral kills)
  An ogre (D:6)
1 creature vanquished.

Vanquished Creatures (others)
  A troll (D:6)
  An ogre (D:6)
  A bullfrog (D:6)
  A howler monkey (D:4)
  A centaur zombie (D:6)
  3 orc priests
  12 jellies
  2 bullfrog skeletons
  An orc wizard (D:6)
  A gnoll (D:2)
  3 adders
  A worm (D:5)
  An endoplasm (D:3)
  4 orcs
  A goblin (D:1)
  4 hobgoblins
  A quokka (D:2)
  2 ball pythons (D:2)
  4 bats
  A frilled lizard (D:2)
  4 kobolds
  A rat (D:1)
  12 fungi
  56 plants
  12 withered plants (D:1)
131 creatures vanquished.

Grand Total: 228 creatures vanquished

Notes
Turn   | Place    | Note
-------+----------+-------------------------------------------
     0 | D:1      | jjjjhere the Ghoul Enchanter began the quest for the Orb.
     0 | D:1      | Reached XP level 1. HP: 14/14 MP: 2/2
    40 | D:1      | Found a faded altar of an unknown god.
    45 | D:1      | Prayed at the altar of an unknown god.
    45 | D:1      | Became a worshipper of Jiyva Jaubenk the Shapeless
    45 | D:1      | Reached * piety under Jiyva
    61 | D:1      | HP: 4/14 [jackal (3)]
    68 | D:1      | Reached skill level 1 in Unarmed Combat
    95 | D:1      | Reached XP level 2. HP: 20/20 MP: 3/3
   181 | D:1      | Reached skill level 2 in Unarmed Combat
   298 | D:1      | Reached XP level 3. HP: 26/26 MP: 4/4
   579 | D:1      | Reached ** piety under Jiyva
   948 | D:2      | Reached skill level 3 in Unarmed Combat
  1357 | D:2      | Reached XP level 4. HP: 33/33 MP: 5/5
  1457 | D:2      | HP: 6/33 [gnoll/+0 club (6)]
  1462 | D:2      | Reached skill level 4 in Unarmed Combat
  1514 | D:3      | HP: 6/33 [gnoll/+0 halberd (12)]
  1590 | D:2      | HP: 7/33 [gnoll/+0 halberd (14)]
  1637 | D:3      | Reached *** piety under Jiyva
  1681 | D:3      | Noticed an ice beast
  1681 | D:3      | Noticed a centaur
  1694 | D:3      | Killed a centaur
  1695 | D:3      | Reached skill level 5 in Unarmed Combat
  1695 | D:3      | Reached XP level 5. HP: 25/38 MP: 3/6
  1699 | D:3      | Killed an ice beast
  1700 | D:3      | Reached skill level 6 in Unarmed Combat
  1700 | D:3      | Reached XP level 6. HP: 35/45 MP: 5/7
  2022 | D:3      | Found Muhevil's General Store.
  2024 | D:3      | Bought a scroll of identify for 26 gold pieces
  2178 | D:4      | Reached skill level 1 in Fighting
  2193 | D:4      | Reached skill level 7 in Unarmed Combat
  2232 | D:4      | Reached XP level 7. HP: 53/53 MP: 8/8
  2315 | D:4      | Reached **** piety under Jiyva
  2582 | D:5      | Entered Level 5 of the Dungeon
  2837 | D:5      | Reached skill level 8 in Unarmed Combat
  3126 | D:5      | Reached ***** piety under Jiyva
  3180 | D:5      | Found a large runed translucent door.
  3181 | D:5      | Found a large runed translucent door.
  3254 | D:5      | Found a snail-covered altar of Cheibriados.
  3260 | D:5      | Found an ancient bone altar of Kikubaaqudgha.
  3307 | D:6      | Reached XP level 8. HP: 35/66 MP: 9/9
  3338 | D:6      | Killed a troll
  3565 | D:6      | Reached skill level 9 in Unarmed Combat
  3668 | D:6      | Found a stormy altar of Qazlal.
  3867 | D:6      | Found a sparkling altar of Nemelex Xobeh.
  4211 | D:7      | Reached skill level 5 in Fighting
  4211 | D:7      | Reached skill level 10 in Unarmed Combat
  4316 | D:7      | Noticed a gargoyle
  4322 | D:7      | HP: 10/68 [gargoyle/stone arrow (19)]
  4323 | D:7      | Mangled by a gargoyle

Illustrated notes

Levels and vault maps discovered:
D:1:      lemuel_arrival_muddy, layout_loops_ring,
          ebering_ecumenical_altar_petrified, serial_forest,
          infiniplex_forest_split, infiniplex_forest_clump_diagonal,
          infiniplex_forest_lined_1, infiniplex_forest_straight_4,
          infiniplex_forest_straight_5, infiniplex_forest_corner_2
D:2:      cheibrodos_greedy_goblins, layout_rooms, grunt_decor_resistance,
          minmay_pentomino_z4
D:3:      layout_rooms, serial_shops, nicolae_shop_trees
D:4:      layout_rooms
D:5:      wad_pebble_path, layout_loops_ring, jmf_multi_god_temple2
D:6:      layout_loops_ring, mainiacjoe_overflow_boulevard,
          mainiacjoe_overflow_cross_hatched, grunt_ministairs_11
D:7:      layout_basic, minmay_temple_entry_wispy

Skill      XL: |  1  2  3  4  5  6  7  8 |
---------------+-------------------------+-----
Unarmed Combat | 1 2 3 5 6 7 8 10 | 10.0
Fighting       | 1 3 5 |  5.1
Short Blades   | |  0.8
Dodging        | |  1.7
Stealth        | |  3.2
Spellcasting   | |  1.7
Hexes          | |  2.4

Action                   |  1- 3 |  4- 6 |  7- 9 || total
-------------------------+-------+-------+-------++-------
Melee: Dagger            |    51 |       |       ||    51
       Unarmed           |    82 |    87 |   139 ||   308
       Punch             |     1 |     1 |     7 ||     9
Invok: Oozemancy         |       |     1 |     1 ||     2
  Use: Scroll            |       |     1 |       ||     1
 Stab: Sleeping          |     3 |       |       ||     3
Armor: Robe              |    30 |     3 |       ||    33
       Chain mail        |       |    43 |    74 ||   117
Dodge: Dodged            |    94 |    32 |    37 ||   163
